Map: 2000 Atmospheres LE

Players

Denver

  • Race: Zerg Zerg

Krystianer - Winner!

  • Race: Protoss Protoss

Event: DreamHack SC2 Masters 2021 Winter

VOD

Have the link to the VOD?

Description

Time

  • Played on: Oct. 8, 2021, 9:28 a.m.
  • Length: 11:46

All games in this series

Show
View Real Time Build Order
Export as new Build Order

Denver Zerg 

Build Orders: Hatch First 

Get SALT Encoding   

  12  0:00  Drone  
  13  0:12  Overlord  
  13  0:16  Drone  
  14  0:31  Drone x2  
  16  0:49  Hatchery  
  15  0:53  Drone  
  15  0:56  Drone  
  17  0:59  Drone  
  18  1:11  Extractor  
  17  1:15  Spawning Pool  
  16  1:18  Drone  
  16  1:22  Drone  
  18  1:30  Drone  
  19  1:40  Drone  
  20  1:50  Overlord  
  20  2:02  Queen x2  
  20  2:03  Zergling x4  
  26  2:11  Metabolic Boost  
  26  2:12  Drone x2  
  28  2:22  Drone x2  
  30  2:34  Hatchery  
  29  2:37  Drone  
  29  2:43  Queen  
  32  2:48  Overlord  
  32  2:50  Drone  
  33  2:53  Zergling x2  
  33  2:55  Zergling x2  
  33  2:57  Zergling x2  
  36  3:06  Overlord  
  36  3:09  Drone  
  36  3:11  Zergling x2  
  36  3:12  Drone x3  
  41  3:13  Drone  
  40  3:29  Spore Crawler  
  40  3:32  Drone x5  
  43  3:42  Overlord  
  43  3:43  Drone  
  43  3:44  Drone x3  
  47  3:52  Queen, Spore Crawler  
  47  3:54  Drone x2  
  50  4:02  Drone x2  
  52  4:04  Spore Crawler  
  52  4:05  Drone  
  52  4:07  Drone  
  52  4:08  Drone x2  
  55  4:10  Drone  
  55  4:16  Evolution Chamber  
  55  4:17  Spore Crawler  
  55  4:19  Drone  
  55  4:20  Drone x3  
  55  4:23  Overlord  
  60  4:26  Drone  
  61  4:32  Lair, Roach Warren  
  61  4:35  Drone x3  
  61  4:37  Drone x2  
  65  4:41  Drone x2  
  67  4:48  Extractor  
  67  4:49  Drone x4, Extractor  
  67  4:50  Drone  
  70  4:55  Overlord  
  70  4:56  Drone  
  70  4:57  Drone x2, Extractor  
  70  4:58  Drone  
  70  4:59  Drone  
  74  5:05  Overlord x2  
  74  5:15  Extractor  
  74  5:16  Roach x5  
  82  5:22  Overlord x2  
  82  5:23  Queen  
  82  5:24  Drone  
  82  5:25  Drone  
  82  5:26  Drone x2  
  82  5:27  Evolution Chamber  
  87  5:28  Glial Reconstitution  
  87  5:30  Queen  
  87  5:35  Overlord  
  88  5:43  Drone x7  
  94  5:50  Drone x2  
  94  5:55  Roach x3  
  102  5:59  Zerg Missile Weapons Level 1  
  98  6:08  Extractor  
  98  6:11  Overseer, Hatchery  
  96  6:14  Overlord  
  96  6:16  Roach x5  
  106  6:24  Overlord  
  106  6:26  Drone x2  
  106  6:27  Drone  
  106  6:28  Overlord  
  106  6:29  Infestation Pit  
  106  6:30  Ravager  
  106  6:32  Roach x3  
  111  6:41  Roach x2  
  115  6:47  Roach x4  
  115  6:48  Roach x2  
  127  6:55  Overlord  
  127  6:58  Overlord  
  127  7:02  Roach x5  
  127  7:07  Hive  
  137  7:09  Overlord  
  137  7:11  Overlord  
  139  7:15  Roach  
  139  7:16  Roach x2  
  139  7:22  Overlord  
  143  7:25  Roach  
  143  7:26  Roach x4  
  153  7:30  Drone x3  
  153  7:31  Drone x2  
  153  7:36  Drone x2  
  160  7:38  Hydralisk Den  
  160  7:42  Roach  
  160  7:43  Roach x3  
  166  7:48  Ravager x2  
  166  7:49  Ravager x2  
  170  7:52  Overlord  
  170  7:57  Roach x6  
  182  8:11  Roach  
  180  8:13  Overlord  
  180  8:17  Overlord  
  180  8:19  Lurker Den  
  175  8:25  Drone x9  
  180  8:28  Zerg Missile Weapons Level 2, Extractor x2  
  178  8:35  Evolution Chamber  
  173  8:58  Viper x3  
  179  9:03  Zerg Ground Armor Level 1  
  179  9:10  Spore Crawler  
  179  9:11  Drone x7  
  179  9:12  Spine Crawler  
  180  9:21  Hydralisk, Seismic Spines  
  180  9:22  Hydralisk x5  
  187  9:43  Hydralisk x6  
  199  9:48  Spine Crawler  
  199  9:52  Spine Crawler x3  
  194  9:54  Spine Crawler  
  179  10:03  Roach x14  
  173  10:08  Hydralisk x5  
  157  10:14  Roach  
  157  10:15  Roach x4  
  156  10:25  Hydralisk, Overlord x2  
  113  10:36  Roach  
  113  10:37  Roach x6  
  96  10:45  Roach x2  
  96  10:49  Hydralisk x2  
  102  11:02  Roach  
  102  11:03  Roach  
  77  11:18  Hydralisk x4  
Show
View Real Time Build Order
Export as new Build Order

Krystianer Protoss - Winner!

Build Orders: 1 Gate Expand, Oracle Opening, Archon Immortal, Archon Drop 

Get SALT Encoding   

  12  0:00  Probe  
  13  0:12  Probe  
  14  0:17  Pylon  
  14  0:24  Probe (Chrono Boost)  
  16  0:36  Probe (Chrono Boost)  
  16  0:38  Gateway  
  16  0:43  Probe (Chrono Boost)  
  16  0:46  Assimilator  
  17  0:50  Probe  
  18  1:02  Probe  
  19  1:15  Probe  
  20  1:24  Nexus  
  20  1:34  Cybernetics Core  
  20  1:37  Probe  
  21  1:42  Assimilator  
  21  1:49  Probe  
  21  1:53  Pylon  
  22  2:01  Probe  
  23  2:08  Adept (Chrono Boost)  
  23  2:13  Probe  
  26  2:16  Stargate  
  26  2:22  Warp Gate  
  26  2:26  Probe (Chrono Boost)  
  26  2:28  Adept (Chrono Boost)  
  27  2:36  Probe (Chrono Boost)  
  30  2:43  Probe (Chrono Boost)  
  32  2:45  Probe (Chrono Boost)  
  32  2:50  Probe x2 (Chrono Boost)  
  34  2:58  Oracle (Chrono Boost)  
  34  3:01  Probe  
  34  3:02  Probe  
  39  3:07  Shield Battery  
  39  3:09  Stalker  
  41  3:13  Probe  
  41  3:15  Probe  
  43  3:25  Probe  
  43  3:27  Probe  
  41  3:34  Gateway, Pylon  
  41  3:37  Assimilator  
  41  3:38  Probe  
  41  3:39  Probe  
  41  3:40  Assimilator  
  43  3:45  Robotics Facility  
  43  3:51  Probe (Chrono Boost)  
  43  3:53  Probe (Chrono Boost)  
  43  3:55  Twilight Council  
  45  4:02  Probe (Chrono Boost)  
  47  4:05  Probe (Chrono Boost)  
  47  4:07  Probe (Chrono Boost)  
  48  4:10  Gateway x2  
  48  4:15  Probe, Pylon  
  49  4:20  Probe  
  50  4:30  Warp Prism (Chrono Boost)  
  50  4:35  Adept x2  
  56  4:39  Templar Archives  
  56  4:40  Probe  
  57  4:47  Pylon  
  57  4:55  Nexus  
  57  4:58  Probe x2  
  59  5:04  Forge  
  59  5:07  Pylon  
  59  5:10  Probe x2  
  61  5:16  High Templar x3  
  61  5:17  High Templar  
  61  5:20  Archon x2  
  69  5:22  Probe  
  69  5:24  Immortal (Chrono Boost)  
  74  5:29  Probe  
  74  5:34  Probe  
  76  5:42  Probe  
  77  5:46  Probe  
  78  5:53  Protoss Ground Weapons Level 1 (Chrono Boost)  
  78  5:56  Pylon  
  78  6:03  Immortal (Chrono Boost)  
  78  6:07  Probe x2  
  78  6:08  Sentry  
  78  6:09  Probe, Sentry x2  
  91  6:11  Assimilator  
  91  6:15  Assimilator  
  91  6:17  Charge  
  91  6:18  Gateway  
  91  6:19  Probe  
  91  6:20  Gateway  
  91  6:22  Pylon  
  91  6:24  Probe  
  91  6:25  Probe  
  94  6:31  Probe  
  95  6:37  Gateway  
  95  6:38  Gateway  
  95  6:41  Zealot x2, Pylon  
  95  6:42  Zealot  
  95  6:44  Pylon  
  95  6:46  Immortal (Chrono Boost)  
  101  6:50  Probe x2  
  101  6:52  Probe  
  108  7:03  Probe x2  
  108  7:06  Probe  
  108  7:07  Pylon  
  111  7:13  High Templar x4  
  111  7:15  Zealot x2, Probe  
  124  7:16  Pylon  
  124  7:18  Archon x2  
  124  7:25  Immortal (Chrono Boost)  
  128  7:33  Gateway, Zealot  
  128  7:34  Zealot  
  128  7:36  Gateway  
  132  7:38  Pylon  
  132  7:40  Zealot x2  
  136  7:48  High Templar x2  
  136  7:49  Pylon  
  136  7:51  Pylon  
  140  7:52  Archon  
  140  7:54  Protoss Ground Weapons Level 2 (Chrono Boost)  
  140  7:58  Immortal  
  144  8:01  Pylon  
  134  8:18  Zealot x6  
  136  8:28  Shield Battery  
  136  8:31  Zealot x2, Sentry x2  
  142  8:34  Immortal (Chrono Boost)  
  142  8:40  Probe x2  
  144  8:48  High Templar x4  
  146  8:49  Zealot x2  
  146  8:50  Nexus  
  146  8:52  Pylon  
  154  8:58  Zealot  
  154  8:59  Zealot x3  
  154  9:00  Archon x2  
  154  9:03  Pylon  
  154  9:04  Immortal (Chrono Boost)  
  153  9:27  Blink  
  153  9:28  Pylon  
  153  9:32  Zealot x9  
  153  9:36  Observer  
  156  9:56  Zealot x3  
  156  9:57  Zealot x7  
  160  10:12  Probe  
  151  10:20  Zealot x10  
  153  10:21  Probe  
  153  10:25  Probe  
  153  10:26  Probe  
  142  10:33  Probe  
  135  10:42  Zealot x8  
  135  10:47  Zealot x2  
  111  11:06  Zealot x4  
  111  11:07  Zealot x4  
  117  11:15  Zealot x2  
  101  11:28  Zealot x8  
  115  11:39  Assimilator  
  115  11:43  Assimilator  

Tags
 
Add a new tag
Caveats
  • Supply blocks, unpowered buildings, or Contaminate may cause inaccurate times.
  • Supply counts are checked every 10 seconds.